 Dungeon Crawl Stone Soup version 0.31-a0-167-g1c394c0614 (webtiles) character file.

Game seed: 304773730555560818

81 pokeman the Magician (level 4, -2/25 HPs)
             Began as a Deep Elf Hedge Wizard on June 14, 2023.
             Slain by an adder (4 damage)
             ... on level 3 of the Dungeon.
             The game lasted 00:03:26 (1990 turns).

pokeman the Magician (Deep Elf Hedge Wizard)        Turns: 1990, Time: 00:03:26

Health: -2/25      AC:  2    Str:  7    XL:     4   Next: 19%
Magic:  5/13       EV: 17    Int: 21    God:
Gold:   60         SH:  0    Dex: 14    Spells: 6/14 levels left

rFire   . . .        a - +0 dagger
rCold   . . .        (no shield)
rNeg    . . .        b - +0 robe
rPois   .            c - +0 hat
rElec   .            (no cloak)
rCorr   .            (no gloves)
SInv    .            (no boots)
Will    .....        j - amulet of magic regeneration
Stlth   ++           i - +5 ring of evasion
HPRegen 0.24/turn    (no ring)
MPRegen 0.53/turn

%: no passive effects
@: very slightly contaminated
A: no striking features
a: no special abilities


You were on level 3 of the Dungeon.
You visited 1 branch of the dungeon, and saw 3 of its levels.

You collected 107 gold pieces.
You spent 47 gold pieces at shops.

Inventory:

Hand Weapons
 a - a +0 dagger (weapon)
Armour
 b - a +0 robe (worn)
 c - a +0 hat (worn)
Jewellery
 i - a +5 ring of evasion (left hand)
 j - an amulet of magic regeneration (around neck)
 p - a ring of fire
Scrolls
 e - a scroll of fog {unknown}
 g - 2 scrolls of identify {unknown}
 h - a scroll of torment {unknown}
 l - 3 scrolls of revelation {unknown}
 m - 2 scrolls of noise {unknown}
 q - a scroll of teleportation {unknown}
 r - a scroll of amnesia {unknown}
 t - a scroll of vulnerability {unknown}
Potions
 d - a potion of magic
 f - 2 potions of enlightenment {unknown}
 k - 3 potions of curing {unknown}
 n - a potion of haste {unknown}
 o - 2 potions of attraction {unknown}
 s - a potion of brilliance {unknown}


   Skills:
 - Level 1.0 Fighting
 - Level 1.0 Armour
 + Level 2.6 Dodging
 + Level 2.6 Stealth
 * Level 5.6 Spellcasting
 + Level 2.1 Conjurations
 - Level 1.1 Summonings
 - Level 1.1 Translocations


You had 6 spell levels left.
You knew the following spells:

 Your Spells              Type           Power      Damage    Failure   Level
a - Magic Dart            Conj           60%        1d6       4%          1
b - Mephitic Cloud        Conj/Pois/Air  8%         N/A       22%         3
c - Call Imp              Summ           20%        N/A       10%         2
d - Blink                 Tloc           20%        N/A       10%         2

Your spell library contained the following spells:

 Spells                   Type           Power      Damage    Failure   Level
 Momentum Strike          Conj/Tloc      24%        3d8       8%          2
 Lesser Beckoning         Tloc           20%        N/A       10%         2
 Slow                     Hex            20%        N/A       11%         1
 Cigotuvi's Dreadful Rot  Necr/Pois/Air  10%        N/A       16%         2


Dungeon Overview and Level Annotations

Branches:
Dungeon (3/15)

Altars:
Gozag

Shops:
D:2 *

Annotations:
D:3 Ijyb


Message History

The bat is heavily wounded.
The bat completely misses you.
Your cerulean imp hits Ijyb from afar with a -4 spear.
The bat hits you but does no damage.
Ijyb is engulfed in noxious fumes.
Ijyb barely misses you.
Casting: Magic Dart (safe; 4% risk of failure)
Confirm with . or Enter, or press ? or * to list all spells.
Aiming: Magic Dart (safe; 4% risk of failure)
Press: ? - help, Shift-Dir - straight line, f/p - bat
Aim: a bat (heavily wounded, 100% to hit)
The magic dart hits the bat.
You kill the bat!
Your cerulean imp hits Ijyb but does no damage.
Ijyb is engulfed in noxious fumes.
Ijyb appears confused.
Ijyb screams, "Me still stronger!
You very nasty!"
You hit Ijyb but do no damage.
Ijyb is heavily wounded.
Your cerulean imp disappears in a puff of smoke!
Unknown command.
Casting: Magic Dart (safe; 4% risk of failure)
Confirm with . or Enter, or press ? or * to list all spells.
The spell is extremely dangerous to miscast (22% risk of failure)!
Continue anyway?
Aiming: Mephitic Cloud (extremely dangerous; 22% risk of failure)
Press: ? - help, Shift-Dir - straight line, f - adder
Aim: an adder (chance to affect: 91%)
You miscast Mephitic Cloud.
You are very lightly contaminated with residual magic.
Nothing appears to happen.
Ijyb is engulfed in noxious fumes.
Ijyb appears confused.
Casting: Mephitic Cloud (extremely dangerous; 22% risk of failure)
Confirm with . or Enter, or press ? or * to list all spells.
The spell is extremely dangerous to miscast (22% risk of failure)!
Continue anyway?
Aiming: Mephitic Cloud (extremely dangerous; 22% risk of failure)
Press: ? - help, Shift-Dir - straight line, f/p - adder
Aim: an adder (chance to affect: 91%) That beam is likely to hit you.
Continue anyway?
You miscast Mephitic Cloud.
Sparks fly from your hands!
* * * LOW HITPOINT WARNING * * *
The adder bites you.
You die...

§.§...... §.._..§
§.... ...# #..##
#.†.#
#..#######..######
#.................
#########.#@##.#...
.........<.Sg......
###########.##.#...
.... # .. #.#..# .
#.#..# #.# .# #.# #
.#


You could see Ijyb (confused) and an adder.

Vanquished Creatures
  Jessica (D:3)
  An adder (D:3)
  A dart slug (D:2)
  5 endoplasms
  A giant cockroach (D:1)
  3 hobgoblins
  3 jackals (D:1)
  3 quokkas
  3 ball pythons (D:1)
  6 bats
  4 frilled lizards (D:2)
  5 kobolds
  5 rats
41 creatures vanquished.

Notes
Turn   | Place    | Note
-------+----------+-------------------------------------------
     0 | D:1      | pokeman the Deep Elf Hedge Wizard began the quest for the
                  | Orb.
     0 | D:1      | Reached XP level 1. HP: 10/10 MP: 7/7
   504 | D:1      | Reached XP level 2. HP: 15/16 MP: 2/9
  1144 | D:2      | Found Fur Umur's Assorted Antiques.
  1152 | D:2      | Bought a scroll labelled ITHROQITI ZEGG for 25 gold pieces
  1152 | D:2      | Bought a brown potion for 22 gold pieces
  1208 | D:2      | Reached skill level 5 in Spellcasting
  1284 | D:2      | Reached XP level 3. HP: 20/20 MP: 9/11
  1288 | D:2      | Learned a level 3 spell: Mephitic Cloud
  1291 | D:2      | Learned a level 2 spell: Call Imp
  1294 | D:2      | Learned a level 2 spell: Blink
  1903 | D:3      | Found an opulent altar of Gozag.
  1911 | D:3      | Reached skill level 1 in Fighting
  1911 | D:3      | Reached skill level 1 in Armour
  1945 | D:3      | Noticed Ijyb
  1961 | D:3      | Noticed Jessica
  1976 | D:3      | Killed Jessica
  1977 | D:3      | Reached XP level 4. HP: 8/25 MP: 10/13
  1990 | D:3      | Slain by an adder

Illustrated notes

Levels and vault maps discovered:
D:1:      minmay_arrival_checkered_box, layout_loops_ring
D:2:      layout_basic, serial_shops, shop
D:3:      layout_basic, mainiacjoe_overflow_boulevard,
          mainiacjoe_overflow_two_lobes, hellmonk_ecumenical_altar_dog_temple,
          gammafunk_ghost_split, uniq_jessica, uniq_ijyb, uniq_natasha

Skill      XL: |  1  2  3 |
---------------+----------+-----
Spellcasting   | 5 |  5.6
Fighting       | 1 |  1.0
Armour         | 1 |  1.0
Conjurations   | 2 |  2.1
Dodging        | |  2.6
Stealth        | |  2.6
Summonings     | |  1.1
Translocations | |  1.1

Action                     |  1- 3 |  4- 6 || total
---------------------------+-------+-------++-------
  Melee: Dagger            |     5 |     4 ||     9
         Punch             |     1 |       ||     1
   Cast: Magic Dart        |   115 |     3 ||   118
         Mephitic Cloud    |     2 |     1 ||     3
         Call Imp          |     1 |       ||     1
   Stab: Confused          |     1 |       ||     1
 Armour: Robe              |     6 |     2 ||     8
  Dodge: Dodged            |    29 |     5 ||    34

Table legend: (Time is in decaauts)
 A = Elapsed time spent in this place.
 B = Non-inter-level travel time spent in this place.
 C = Inter-level travel time spent in this place.
 D = Time resting spent in this place.
 E = Time spent auto-exploring this place.
 F = Levels seen in this place.
 G = Mean time per level.
                   A        B        C        D        E       F      G
               +--------+--------+--------+--------+--------+-----+--------+
         Total |   1989 |   1951 |     38 |      4 |   1692 |   3 |  663.0 |
       Dungeon |   1989 |   1951 |     38 |      4 |   1692 |   3 |  663.0 |
               +--------+--------+--------+--------+--------+-----+--------+

Top non-repeatable levels by time:
     D:1: 1115 daAuts
     D:2: 783 daAuts
     D:3: 89 daAuts
